Map: Odyssey LE

Players

ROOTherO (herO) - Winner!

  • Race: Protoss Protoss
  • League: Grandmaster
  • Spawn Location: 5:00

IIIIIlIIIIII (Rogue)

  • Race: Zerg Zerg
  • League: Grandmaster
  • Spawn Location: 11:00

VOD

Have the link to the VOD?

Description

adept start

Time

  • Played on: Dec. 27, 2017, 8:52 a.m.
  • Length: 17:57
Show
View Real Time Build Order
Export as new Build Order

ROOTherO Protoss - Winner!

Build Orders: 1 Gate Expand, Oracle Opening 

Get SALT Encoding   

  12  0:00  Probe  
  13  0:14  Pylon  
  13  0:17  Probe  
  14  0:29  Probe (Chrono Boost)  
  15  0:37  Gateway  
  15  0:40  Probe (Chrono Boost)  
  16  0:45  Probe (Chrono Boost)  
  16  0:49  Assimilator  
  18  0:57  Probe  
  18  1:09  Probe  
  19  1:21  Probe  
  20  1:28  Nexus  
  20  1:35  Cybernetics Core  
  20  1:38  Probe  
  21  1:43  Assimilator  
  21  1:50  Probe  
  21  1:53  Pylon  
  22  2:02  Probe  
  23  2:09  Adept (Chrono Boost)  
  23  2:14  Probe  
  26  2:21  Stargate  
  26  2:27  Probe (Chrono Boost)  
  26  2:29  Adept  
  29  2:35  Warp Gate  
  30  2:38  Probe (Chrono Boost)  
  30  2:43  Probe (Chrono Boost)  
  31  2:47  Probe (Chrono Boost)  
  33  2:51  Probe (Chrono Boost)  
  33  2:55  Probe (Chrono Boost)  
  33  2:56  Adept, Probe (Chrono Boost)  
  37  3:05  Probe  
  38  3:09  Oracle (Chrono Boost)  
  41  3:17  Probe x2  
  43  3:25  Pylon  
  43  3:30  Probe x2  
  45  3:40  Oracle (Chrono Boost)  
  45  3:44  Probe x2  
  45  3:46  Gateway  
  45  3:47  Gateway  
  48  3:51  Adept  
  50  3:56  Pylon, Assimilator  
  50  3:57  Assimilator  
  50  3:58  Probe  
  50  3:59  Probe  
  52  4:10  Phoenix  
  52  4:14  Probe x2  
  56  4:20  Pylon  
  56  4:27  Probe x2  
  56  4:29  Pylon  
  57  4:39  Probe x2  
  57  4:44  Nexus  
  59  4:52  Adept x3  
  64  4:54  Probe x2  
  63  5:06  Probe x2  
  65  5:09  Twilight Council  
  65  5:11  Forge  
  65  5:12  Robotics Facility  
  65  5:20  Probe x2  
  61  5:30  Resonating Glaives  
  61  5:32  Probe x2  
  63  5:38  Sentry x3, Pylon  
  63  5:42  Gateway x2  
  69  5:44  Probe  
  69  5:46  Gateway  
  69  5:47  Pylon, Protoss Ground Weapons Level 1 (Chrono Boost)  
  70  5:51  Pylon  
  70  5:55  Probe  
  71  5:57  Probe  
  71  6:02  Sentry x2  
  71  6:03  Adept  
  78  6:06  Warp Prism  
  78  6:07  Probe  
  81  6:12  Gateway  
  81  6:14  Probe  
  81  6:15  Probe  
  83  6:19  Probe  
  83  6:22  Gateway  
  83  6:23  Shield Battery  
  83  6:24  Pylon  
  84  6:27  Probe x2  
  84  6:30  Pylon  
  84  6:31  Probe  
  83  6:43  Probe x2  
  83  6:44  Probe  
  83  6:46  Adept x5  
  96  6:54  Pylon  
  96  6:55  Pylon  
  96  7:01  Pylon  
  96  7:08  Adept, Shield Battery  
  98  7:09  Adept x6  
  98  7:12  Assimilator x2  
  110  7:19  Robotics Bay  
  110  7:21  Probe  
  108  7:33  Probe  
  105  7:38  Adept x6  
  105  7:39  Adept x2  
  105  7:43  Immortal (Chrono Boost)  
  107  7:51  Protoss Ground Weapons Level 2 (Chrono Boost)  
  103  8:00  Robotics Facility  
  103  8:10  Colossus (Chrono Boost)  
  93  8:21  Adept x6  
  93  8:24  Probe x3  
  108  8:34  Nexus  
  108  8:40  Photon Cannon  
  108  8:41  Photon Cannon, Shield Battery  
  108  8:42  Shield Battery  
  108  8:46  Colossus (Chrono Boost)  
  106  8:49  Colossus (Chrono Boost)  
  112  8:58  Pylon, Adept  
  112  8:59  Adept x3  
  116  9:02  Adept  
  116  9:03  Adept x2  
  116  9:05  Adept  
  124  9:17  Extended Thermal Lance  
  124  9:19  Photon Cannon  
  124  9:22  Photon Cannon, Shield Battery  
  124  9:24  Shield Battery  
  124  9:26  Pylon  
  124  9:37  Adept x2  
  134  9:44  Immortal x2  
  136  9:47  Charge (Chrono Boost)  
  136  9:48  Probe x4, Assimilator  
  136  9:55  Zealot x4  
  136  9:56  Protoss Ground Weapons Level 3 (Chrono Boost)  
  144  10:02  Probe  
  144  10:03  Pylon  
  145  10:14  Probe  
  146  10:21  Immortal x2 (Chrono Boost)  
  142  10:26  Oracle, Probe  
  154  10:32  Templar Archives  
  154  10:34  Photon Cannon  
  154  10:37  Photon Cannon  
  154  10:42  Photon Cannon  
  155  10:43  Zealot x5, Shield Battery  
  164  10:52  Gateway  
  164  10:53  Gateway x2  
  164  10:56  Gateway  
  164  11:00  Observer (Chrono Boost)  
  166  11:07  Observer (Chrono Boost)  
  166  11:09  Oracle  
  166  11:15  Immortal (Chrono Boost)  
  173  11:22  High Templar  
  173  11:25  Pylon  
  179  11:27  Pylon x2  
  179  11:28  Immortal (Chrono Boost)  
  179  11:30  Pylon  
  175  11:50  Immortal (Chrono Boost)  
  165  11:54  Zealot x2  
  165  11:55  Zealot x9  
  165  12:00  Immortal (Chrono Boost)  
  118  12:16  Zealot x10  
  134  12:27  Immortal (Chrono Boost)  
  114  12:32  Void Ray (Chrono Boost)  
  114  12:41  High Templar x4  
  114  12:42  Zealot x5  
  114  12:44  Dark Shrine  
  128  12:47  Gateway x2  
  128  12:51  Archon x2  
  128  12:56  Immortal (Chrono Boost)  
  124  13:03  Zealot x2  
  126  13:07  Zealot x3  
  126  13:12  Void Ray (Chrono Boost)  
  134  13:21  Zealot  
  134  13:22  Zealot x2  
  134  13:25  Zealot  
  116  13:34  Zealot x4  
  116  13:36  Pylon  
  108  13:48  High Templar  
  108  13:49  High Templar x4, Observer, Void Ray (Chrono Boost)  
  108  13:50  Warp Prism (Chrono Boost)  
  124  13:56  Cybernetics Core  
  124  13:57  Protoss Ground Armor Level 1, High Templar x4  
  124  13:58  High Templar  
  124  14:01  Pylon, Nexus  
  134  14:04  Archon x2  
  134  14:05  Psionic Storm  
  134  14:16  Immortal (Chrono Boost), Nexus  
  134  14:18  Pylon  
  134  14:22  Photon Cannon  
  134  14:23  Photon Cannon  
  138  14:25  Photon Cannon  
  138  14:27  Photon Cannon  
  138  14:31  Assimilator  
  138  14:32  Dark Templar x2  
  138  14:33  Zealot x4, Dark Templar x2  
  138  14:34  Oracle (Chrono Boost), Assimilator  
  157  14:40  Archon x2  
  157  14:43  Zealot x2  
  157  14:44  Zealot  
  161  14:53  Zealot x3  
  161  14:56  Zealot  
  164  15:11  High Templar x3  
  164  15:12  High Templar  
  164  15:13  Pylon  
  172  15:20  Immortal (Chrono Boost)  
  172  15:22  Archon x2  
  176  15:36  Robotics Facility  
  176  15:39  Probe  
  176  15:41  Probe  
  178  15:42  Pylon  
  178  15:51  Probe  
  178  15:53  Immortal (Chrono Boost), Probe  
  178  15:54  High Templar  
  178  15:55  High Templar  
  188  15:57  Zealot x3, High Templar x2  
  188  15:58  Zealot  
  188  15:59  Archon  
  188  16:01  Archon  
  145  16:23  Immortal (Chrono Boost)  
  141  16:29  Immortal (Chrono Boost)  
  148  16:35  Zealot x2  
  148  16:36  Zealot x5  
  162  16:40  High Templar x3  
  162  16:45  Photon Cannon  
  162  16:46  High Templar  
  166  16:52  Archon  
  166  16:53  Archon  
  166  16:55  Immortal  
  166  16:59  Assimilator  
  166  17:00  Oracle, Assimilator  
  174  17:01  Observer  
  174  17:07  Zealot, Photon Cannon  
  162  17:21  Dark Templar  
  162  17:22  Dark Templar x2, Observer  
  169  17:39  Zealot x4  
  169  17:40  Zealot x4  
  181  17:54  Archon  
Show
View Real Time Build Order
Export as new Build Order

IIIIIlIIIIII Zerg 

Build Orders: Hatch First, Lurkers 

Get SALT Encoding   

  12  0:00  Drone  
  13  0:12  Overlord  
  13  0:16  Drone  
  14  0:31  Drone x2  
  16  0:49  Drone x2  
  18  0:59  Drone  
  18  1:00  Hatchery  
  18  1:04  Extractor  
  17  1:14  Spawning Pool  
  17  1:16  Drone  
  17  1:20  Drone  
  18  1:28  Drone  
  19  1:39  Drone  
  20  1:54  Hatchery  
  20  1:56  Drone  
  20  2:00  Zergling x2  
  21  2:06  Metabolic Boost  
  21  2:11  Queen  
  21  2:14  Drone  
  24  2:18  Drone  
  24  2:22  Drone  
  26  2:28  Overlord  
  26  2:33  Zergling x2  
  26  2:35  Zergling x2  
  28  2:46  Queen  
  28  2:48  Zergling x2  
  28  2:50  Drone  
  32  2:55  Drone  
  33  3:01  Drone  
  34  3:06  Queen  
  34  3:07  Overlord  
  34  3:09  Drone x2  
  37  3:17  Zergling x2  
  37  3:18  Drone x2  
  40  3:22  Drone x2  
  42  3:27  Zergling x4  
  42  3:31  Spore Crawler  
  43  3:35  Drone x2  
  43  3:40  Spore Crawler  
  42  3:45  Spore Crawler  
  42  3:47  Drone x3  
  42  3:48  Drone  
  45  3:52  Drone x2  
  47  3:56  Lair  
  47  3:59  Drone x2  
  47  4:01  Drone  
  50  4:07  Overlord  
  50  4:08  Overlord  
  49  4:20  Extractor  
  49  4:21  Overlord  
  48  4:27  Drone  
  48  4:28  Drone x10  
  48  4:30  Zergling x2  
  60  4:35  Zergling x4  
  62  4:44  Zergling x6  
  62  4:57  Queen  
  62  4:59  Zergling x4  
  69  5:00  Zergling x12, Hydralisk Den  
  69  5:03  Extractor x2, Drone  
  69  5:04  Extractor, Drone  
  69  5:08  Drone  
  69  5:09  Drone  
  71  5:14  Drone  
  71  5:15  Drone x2  
  71  5:20  Drone x2  
  72  5:24  Drone  
  72  5:28  Drone  
  72  5:31  Drone x2  
  72  5:33  Overlord  
  72  5:34  Drone x2  
  72  5:35  Drone  
  72  5:40  Muscular Augments  
  72  5:41  Overlord  
  73  5:42  Evolution Chamber  
  73  5:47  Overlord  
  72  5:53  Drone x4  
  72  5:54  Drone  
  77  6:01  Drone x5  
  82  6:06  Overlord  
  82  6:08  Drone x3  
  82  6:10  Zerg Missile Weapons Level 1  
  85  6:12  Extractor, Drone  
  85  6:13  Drone x3  
  85  6:16  Drone  
  85  6:17  Drone  
  90  6:28  Drone  
  90  6:29  Hydralisk x2  
  90  6:30  Lurker Den  
  90  6:31  Overlord  
  90  6:32  Overlord  
  94  6:37  Hydralisk x3  
  98  6:44  Hatchery  
  93  6:48  Hydralisk x2  
  93  6:53  Hydralisk  
  93  6:54  Hydralisk  
  101  7:01  Hydralisk x2  
  101  7:03  Hydralisk x3  
  110  7:11  Zergling x10  
  115  7:19  Zergling x12  
  115  7:20  Overlord x2  
  121  7:23  Overlord  
  121  7:26  Zergling x2  
  121  7:31  Zergling x2  
  114  7:38  Hydralisk x2  
  114  7:43  Zergling x4  
  114  7:46  Zergling x6  
  114  7:48  Zergling x12  
  120  7:52  Zergling x2  
  120  7:54  Zergling x2  
  120  7:57  Zergling x2  
  113  8:04  Zergling x4  
  104  8:10  Drone  
  104  8:11  Drone x2  
  96  8:15  Drone x2  
  96  8:16  Drone  
  96  8:17  Drone  
  96  8:18  Drone x2  
  96  8:19  Drone  
  98  8:21  Drone x2  
  98  8:25  Queen  
  102  8:30  Drone x4  
  106  8:38  Queen x2  
  106  8:41  Drone x2  
  108  8:44  Drone x2  
  103  8:50  Drone x2  
  103  8:54  Drone x4  
  105  8:57  Drone  
  105  9:01  Drone x3  
  107  9:04  Drone  
  108  9:12  Hydralisk x3  
  114  9:20  Drone x2  
  116  9:26  Zerg Missile Weapons Level 2  
  116  9:29  Spine Crawler  
  115  9:32  Hydralisk  
  115  9:33  Hydralisk x4  
  125  9:42  Zergling x6  
  128  9:48  Hydralisk x3  
  133  9:56  Drone  
  133  9:57  Overlord x5  
  134  10:06  Overlord  
  134  10:18  Zergling x2  
  134  10:19  Zergling x22  
  148  10:21  Lurker x8  
  148  10:22  Lurker  
  148  10:23  Lurker  
  148  10:25  Lurker  
  148  10:26  Lurker  
  148  10:27  Lurker  
  158  10:28  Lurker  
  158  10:29  Lurker  
  158  10:30  Lurker  
  160  10:36  Zergling x10  
  165  10:44  Zergling x2  
  165  10:45  Zergling x12  
  171  10:51  Hydralisk x3  
  177  11:00  Hydralisk x3  
  180  11:06  Zergling x2  
  180  11:07  Zergling x4  
  180  11:08  Overlord x2  
  183  11:14  Overlord  
  175  11:23  Zergling x14  
  175  11:24  Zergling x2  
  181  11:29  Zergling x8  
  181  11:30  Zergling x4  
  183  11:39  Zergling x2  
  183  11:41  Queen  
  183  11:43  Zergling x12  
  183  11:46  Zergling x2  
  189  11:49  Zergling x6  
  189  11:51  Hydralisk  
  183  11:54  Hydralisk x2  
  183  11:55  Zergling x2  
  165  12:02  Hydralisk x2  
  160  12:09  Zergling x2  
  160  12:11  Zergling x6  
  160  12:12  Zergling x4  
  160  12:13  Zergling x2  
  166  12:15  Zergling x2  
  166  12:16  Zergling x4  
  166  12:17  Zergling x2  
  166  12:18  Zergling x2  
  163  12:23  Zergling x2  
  163  12:25  Zergling x2  
  163  12:27  Zergling x2  
  163  12:29  Zergling x2  
  136  12:38  Lurker x5  
  136  12:41  Hydralisk x8  
  157  12:49  Zergling x10  
  157  12:50  Zergling x2  
  159  12:51  Hydralisk x3, Zergling x2  
  159  12:52  Zergling x2  
  156  12:58  Zergling x2  
  156  13:01  Zergling x2  
  156  13:03  Zergling x2  
  156  13:05  Hydralisk  
  147  13:06  Zergling x4  
  147  13:08  Zergling x2  
  147  13:09  Zergling x8  
  147  13:12  Zergling x6  
  154  13:14  Lurker x3  
  154  13:19  Hydralisk x4  
  155  13:21  Zergling x2  
  155  13:23  Zergling x4  
  155  13:25  Zergling x2  
  141  13:27  Zergling x2  
  141  13:31  Hydralisk  
  141  13:33  Hydralisk  
  123  13:35  Zergling x2  
  123  13:37  Zergling x2  
  123  13:39  Zergling x4  
  123  13:40  Zergling x8  
  123  13:41  Zergling x4  
  115  13:44  Zergling x6  
  115  13:46  Zergling x2  
  106  13:56  Hydralisk x4  
  106  13:59  Lurker  
  106  14:00  Lurker x3  
  106  14:01  Lurker  
  106  14:02  Lurker  
  120  14:05  Lurker  
  121  14:12  Lurker  
  121  14:14  Hydralisk x2  
  121  14:15  Hydralisk x3  
  132  14:19  Zerg Ground Armor Level 1  
  132  14:22  Hydralisk x2  
  136  14:30  Overseer  
  136  14:32  Hydralisk  
  136  14:33  Hydralisk x3  
  136  14:38  Lurker x4  
  146  14:45  Hydralisk x3  
  154  14:50  Zergling x10  
  157  14:52  Zergling x2  
  157  14:57  Zergling x12  
  153  15:06  Lurker x4  
  150  15:09  Zergling x12  
  158  15:21  Lurker x3  
  158  15:23  Zergling x8  
  163  15:28  Zergling x2  
  163  15:31  Hatchery, Zergling x4  
  163  15:34  Zergling x2  
  163  15:35  Zergling x10  
  171  15:38  Zergling x6  
  175  15:42  Zergling x2  
  175  15:45  Zergling x2  
  175  15:46  Zergling x8  
  175  15:49  Zergling x2  
  181  15:50  Zergling x6  
  181  15:54  Zergling x2  
  181  15:55  Zergling x4  
  187  15:58  Zergling x2  
  187  15:59  Zergling x4  
  187  16:01  Zergling x2  
  191  16:05  Hydralisk  
  191  16:08  Zergling x6  
  193  16:11  Hydralisk x2  
  193  16:12  Hydralisk x2  
  193  16:15  Zergling x4  
  193  16:16  Zergling x2  
  193  16:17  Zergling x2  
  136  16:19  Zergling x2  
  136  16:23  Zergling x4  
  136  16:24  Zergling x2  
  137  16:25  Lurker  
  137  16:26  Lurker  
  137  16:27  Lurker x2  
  140  16:37  Lurker, Zergling x4  
  140  16:38  Zergling x12  
  149  16:47  Zergling x12  
  153  16:54  Zergling x8  
  153  16:56  Zergling x2  
  158  17:02  Zergling x6  
  158  17:08  Drone x2  
  151  17:09  Drone x2  
  149  17:21  Hydralisk  
  149  17:22  Hydralisk x3  
  157  17:27  Zergling x2  
  147  17:30  Overlord  
  147  17:31  Zergling x2  
  147  17:33  Zergling x2  
  147  17:34  Zergling x2  
  144  17:38  Zergling x2  
Tags
 
Add a new tag
Caveats
  • Supply blocks, unpowered buildings, or Contaminate may cause inaccurate times.
  • Supply counts are checked every 10 seconds.